 Dungeon Crawl Stone Soup version 0.25-b1-50-g7b83aa72e5 (webtiles) character file.

Game seed: 17639585040758633654

1155 Acheron the Sneak (level 8, -1/50 HPs)
             Began as an Octopode Wanderer on June 12, 2020.
             Was a Believer of Okawaru.
             Slain by a killer bee (9 damage)
             ... on level 8 of the Dungeon.
             The game lasted 00:47:11 (8122 turns).

Acheron the Sneak (Octopode Wanderer)               Turns: 8122, Time: 00:47:11

Health: -1/50      AC:  1    Str: 15      XL:     8   Next: 39%
Magic:  8/14       EV: 13    Int: 17      God:    Okawaru [**....]
Gold:   125        SH:  0    Dex: 10 (12) Spells: 5/15 levels left

rFire    . . .     SeeInvis .   v - +3 war axe of Dissolution {flame, Int+5} (curse)
rCold    . . .     Gourm    .   (no shield)
rNeg     . . .     Faith    .   (helmet restricted)
rPois    .         Spirit   .   (no amulet)
rElec    .         Reflect  .   e - ring of teleportation
rCorr    .         Harm     .   (no ring)
MR       .....     Rnd*Tele +   (no ring)
Stlth    ++++......             (no ring)
HPRegen  0.16/turn              (no ring)
MPRegen  0.14/turn              (no ring)
                                (no ring)
                                (no ring)

@: lethally poisoned (-1 -> -9), very slightly contaminated
A: almost no armour, stealthy swim, amphibious, 8 rings, constrict 8, camouflage
1, gelatinous body 1
a: Heroism, Renounce Religion


You were on level 8 of the Dungeon.
You worshipped Okawaru.
Okawaru was pleased with you.
You were hungry.

You visited 1 branch of the dungeon, and saw 8 of its levels.

You collected 346 gold pieces.
You spent 221 gold pieces at shops.

Inventory:

Hand Weapons
 i - a +0 short sword
 t - a +1 mace of protection
 v - the cursed +3 war axe of Dissolution (weapon) {flame, Int+5}
   (You bought it in a shop on level 4 of the Dungeon)

   It has been specially enchanted to burn those struck by it, causing extra
   injury to most foes and up to half again as much damage against particularly
   susceptible opponents.
   Big, fiery blades are also staple armaments of hydra-hunters.
   It affects your intelligence (+5).
   It has a curse placed upon it.
 w - a +0 war axe
 y - a +0 halberd
 B - a +0 rapier
Missiles
 c - 32 sling bullets
 k - 200 stones (quivered)
 m - 7 atropa-tipped darts
 A - 7 silver javelins
Armour
 u - a +0 kite shield
Magical Staves
 s - an uncursed staff of wizardry {unknown}
Jewellery
 e - a ring of teleportation (left tentacle)
Wands
 g - a wand of flame (27)
 l - a wand of clouds (5)
Scrolls
 a - 2 scrolls of amnesia
 d - a scroll of identify
 h - a scroll of immolation
 o - 4 scrolls of remove curse
 E - a scroll of magic mapping
Potions
 b - 2 potions of lignification
 j - 2 potions of stabbing {unknown}
 n - a potion of resistance
 p - a potion of cancellation {unknown}
 q - a potion of mutation {unknown}
 r - a potion of curing
 x - a potion of might {unknown}
 z - 2 potions of brilliance {unknown}
 C - a potion of degeneration {unknown}
Comestibles
 f - 8 rations


   Skills:
 * Level 2.2 Fighting
 + Level 1.5 Short Blades
 * Level 3.3 Axes
 + Level 0.9 Throwing
 * Level 2.3 Dodging
 * Level 6.0 Stealth
 * Level 1.3 Shields
 * Level 4.0 Spellcasting
 * Level 2.3 Conjurations
 * Level 1.7 Hexes
 * Level 1.9 Summonings
   Level 2.0 Necromancy
 * Level 2.1 Translocations
 * Level 1.8 Fire Magic
   Level 2.4 Poison Magic
 * Level 1.7 Invocations
 * Level 2.0 Evocations


You had 5 spell levels left.
You knew the following spells:

 Your Spells              Type           Power        Failure   Level  Hunger
a - Magic Dart            Conj           ##..         6%          1    None
b - Blink                 Tloc           N/A          10%         2    ##.....
c - Call Imp              Summ           ##......     11%         2    ##.....
d - Slow                  Hex            #.......     12%         2    ##.....
e - Conjure Flame         Conj/Fire      ##......     21%         3    ###....

Your spell library contained the following spells:

 Spells                   Type           Power        Failure   Level  Hunger
 Mephitic Cloud           Conj/Pois/Air  #.......     24%         3    ###....


Dungeon Overview and Level Annotations

Branches:
Dungeon (8/15)             Temple (0/1) D:4
   Lair: D:8-11

Altars:
Ashenzari
Cheibriados
Dithmenos
Hepliaklqana
Kikubaaqudgha
Makhleb
Okawaru
Ru
Sif Muna
Uskayaw
Xom
Yredelemnul
Zin

Shops:
D:4 (   D:5 *

Annotations:
D:3 exclusion: upstairs, Sigmund
D:5 3 runed translucent doors, TangoThomas's ghost, novice DsAK
D:6 2 transporters, exclusions: downstairs and upstairs, Doot's ghost, novice OpVM
D:7 exclusion: downstairs
D:8 Gastronok; Harold; Pikel


Innate Abilities, Weirdness & Mutations

You cannot wear most types of armour.
You are very stealthy in the water. (Stealth+)
You are amphibious.
You can wear up to eight rings at the same time.
You can use your tentacles to constrict eight enemies at once.
Your skin changes colour to match your surroundings (Stealth+).
Your rubbery body absorbs attacks. (AC +1, EV +1)


Message History

You feel sick.
You feel sick.
You feel sick.
You feel sick. The killer bee stings you.
You are more poisoned.
The killer bee poisons you!
You feel sick. The killer bee closely misses you.
You are feeling hungry.
You feel sick. The killer bee barely misses you.
You feel sick. The killer bee closely misses you. x2
The killer bee misses you.
You feel sick. The killer bee stings you!
* * * LOW HITPOINT WARNING * * *
* * * LOW HITPOINT WARNING * * *
You feel sick. The killer bee misses you. The killer bee barely misses you.
* * * LOW HITPOINT WARNING * * *
You feel sick. The killer bee closely misses you. The killer bee misses you.
The killer bee stings you!
You die...

.yK.p...###.......[...# #.###....
.p§...y###...........####.# #....
......y.##...........# #..# #..#.
#######p##...........###.####.<#
#y###.........###..# #.Z##
#..###...#........## #..# ##.#
########.##### #..#
######y##########.########..##.
#.....$yp....y@.....^..........
########..y....yy....#######..##.
(....# ##..########..### ..##
.....# ##..#######..... ...#
...[.# ##......##..........#
###..### ######...........#.#
##...## #.##........### ###..#
##.# ........ ##.#######..# ##


You could see a slave and 5 killer bees.

Vanquished Creatures
  Eustachio (D:5)
  2 ogres
  3 bullfrogs
  A water moccasin zombie (D:8)
  2 crimson imps
  4 hounds
  A jelly (D:8)
  A centaur skeleton (D:7)
  An iguana (D:6)
  3 worker ants
  A killer bee zombie (D:7)
  A hound skeleton (D:7)
  A worker ant zombie (D:7)
  3 gnolls (D:3)
  A howler monkey skeleton (D:8)
  6 adders
  A shadow imp (D:7)
  3 worms
  3 dart slugs
  3 leopard geckos
  5 orcs
  3 bats
  6 giant cockroaches
  4 hobgoblins (D:1)
  4 jackals
  4 quokkas
  7 frilled lizards
  3 goblins
  A jackal skeleton (D:4)
  7 kobolds
  7 rats
93 creatures vanquished.

Vanquished Creatures (collateral kills)
  A bullfrog (D:8)
  A quasit (D:8)
2 creatures vanquished.

Grand Total: 95 creatures vanquished

Notes
Turn   | Place    | Note
-------+----------+-------------------------------------------
     0 | D:1      | Acheron the Octopode Wanderer began the quest for the Orb.
     0 | D:1      | Acheron set off with the following items: a +0 club, a
                  | potion of lignification, a +0 dagger, a ration; and the
                  | following spell memorised: Magic Dart; and the following
                  | spells available to memorise: Blink, Call Imp, Slow,
                  | Mephitic Cloud, Conjure Flame
     0 | D:1      | Reached XP level 1. HP: 11/11 MP: 4/4
   424 | D:1      | Reached XP level 2. HP: 18/18 MP: 6/6
   667 | D:1      | Reached skill level 1 in Dodging
   791 | D:2      | Found a shimmering altar of Xom.
   791 | D:2      | You fall into a shaft and drop 2 floors!
   843 | D:3      | Reached XP level 3. HP: 17/22 MP: 8/8
   928 | D:2      | Found a shattered altar of Ashenzari.
   928 | D:2      | Found a basalt altar of Yredelemnul.
   928 | D:2      | Found a glowing silver altar of Zin.
   928 | D:2      | Found a shimmering blue altar of Sif Muna.
  1123 | D:3      | Noticed Sigmund
  1136 | D:3      | Found a hazy altar of Hepliaklqana.
  1140 | D:3      | HP: 1/22 [crimson imp (4)]
  1145 | D:3      | You fall into a shaft and drop 2 floors!
  1145 | D:5      | Entered Level 5 of the Dungeon
  1418 | D:5      | Found a runed translucent gate.
  1418 | D:5      | Found a runed translucent gate.
  1419 | D:5      | Found a runed translucent gate.
  1421 | D:5      | Noticed an ogre
  1421 | D:5      | Found a snail-covered altar of Cheibriados.
  1429 | D:5      | Reached skill level 3 in Stealth
  1542 | D:5      | Noticed Eustachio
  1544 | D:6      | Noticed Doot's ghost (novice OpVM)
  1545 | D:6      | Noticed a vampire
  1548 | D:6      | Found a transporter.
  1549 | D:6      | Found a transporter.
  1552 | D:6      | Noticed a phantom
  1596 | D:6      | Noticed a necrophage
  1614 | D:6      | Reached skill level 1 in Fighting
  1614 | D:6      | Reached XP level 4. HP: 10/28 MP: 9/9
  1951 | D:6      | Noticed a bullfrog
  1967 | D:6      | Noticed a phantom
  2280 | D:6      | Found a burning altar of Makhleb.
  2280 | D:6      | Noticed a blizzard demon
  2296 | D:6      | Learned a level 2 spell: Call Imp
  2299 | D:6      | Learned a level 2 spell: Slow
  2302 | D:6      | Learned a level 2 spell: Blink
  2377 | D:7      | Found a shadowy altar of Dithmenos.
  2377 | D:7      | Noticed a water moccasin
  2399 | D:6      | Killed a bullfrog
  2399 | D:6      | Reached skill level 4 in Stealth
  2399 | D:6      | Reached XP level 5. HP: 19/33 MP: 10/10
  2529 | D:6      | Found an ancient bone altar of Kikubaaqudgha.
  2563 | D:7      | Reached skill level 1 in Short Blades
  2757 | D:7      | Noticed an ogre
  2871 | D:6      | Found an iron altar of Okawaru.
  2880 | D:6      | Became a worshipper of Warmaster Okawaru
  2922 | D:6      | Found a hide-covered altar of Uskayaw.
  3110 | D:4      | Noticed an ogre
  3214 | D:4      | Reached skill level 1 in Axes
  3214 | D:4      | Reached skill level 1 in Conjurations
  3470 | D:4      | Found a staircase to the Ecumenical Temple.
  3556 | D:4      | You fall into a shaft and drop 3 floors!
  3641 | D:6      | Learned a level 3 spell: Conjure Flame
  3689 | D:6      | Reached XP level 6. HP: 18/38 MP: 11/11
  3886 | D:5      | Found Juebron's Assorted Antiques.
  4097 | D:4      | Found Waqanuecwa's Antique Weapon Shoppe.
  4105 | D:4      | Bought a shimmering war axe for 221 gold pieces
  4106 | D:4      | Identified the cursed +3 war axe of Dissolution {flame,
                  | Int+5} (You bought it in a shop on level 4 of the Dungeon)
  4182 | D:4      | Reached skill level 5 in Stealth
  4182 | D:4      | Reached skill level 1 in Evocations
  4915 | D:2      | Reached skill level 1 in Summonings
  5108 | D:2      | Reached * piety under Okawaru
  5205 | D:2      | You fall into a shaft and drop 1 floor!
  5420 | D:4      | Reached XP level 7. HP: 13/44 MP: 12/12
  5853 | D:5      | Killed Eustachio
  5853 | D:5      | Reached skill level 1 in Hexes
  5853 | D:5      | Reached skill level 1 in Translocations
  6027 | D:5      | Noticed TangoThomas's ghost (novice DsAK)
  6474 | D:7      | Reached skill level 1 in Invocations
  6498 | D:7      | Reached skill level 1 in Shields
  6588 | D:7      | Found a sacrificial altar of Ru.
  6764 | D:8      | Noticed Harold
  6795 | D:8      | Reached ** piety under Okawaru
  6933 | D:7      | Reached XP level 8. HP: 46/50 MP: 14/14
  7266 | D:8      | Noticed Gastronok
  7508 | D:8      | Reached skill level 6 in Stealth
  8100 | D:8      | Noticed a two-headed ogre
  8103 | D:8      | Noticed Pikel
  8122 | D:8      | Slain by a killer bee

Illustrated notes

Levels and vault maps discovered:
D:1:      elethiomel_arrival_infinity_welcomes_careful_drivers, layout_basic,
          serial_curves, eino_curves_04, eino_curves_03, minivault_25,
          chequers_serial_rivers_micro_d
D:2:      layout_basic, lemuel_crystal_altar, nicolae_overflow_hidden_temple,
          hex_large
D:3:      layout_loops_ring, lemuel_round_altar, first_ration,
          dk_noncrumbling_2, uniq_sigmund
D:4:      layout_loops_ring, minmay_temple_entry_tees, serial_shops,
          shop_fountains
D:5:      layout_basic, slow_altar_1, ebering_ghost_rock_garden, serial_shops,
          nicolae_shop_trees, uniq_eustachio
D:6:      layout_loops_ring, makhleb_altar_promises_db, lemuel_doored_altar,
          kennysheep_mini_moat, eat_drink_and_be_merry_uskayaw, kennysheep_mini,
          gammafunk_ghost_mausoleum
D:7:      layout_rooms, grunt_dithmenos_smoke, nicolae_ru_the_path_less_chosen
D:8:      layout_rooms, david_nohive_1, uniq_pikel, uniq_harold, uniq_gastronok

Skill      XL: |  1  2  3  4  5  6  7  8 |
---------------+-------------------------+-----
Dodging        | 1 2 |  2.3
Stealth        | 3 4 5 6 |  6.0
Fighting       | 1 2 |  2.2
Short Blades   | 1 |  1.5
Axes           | 1 2 3 |  3.3
Conjurations   | 1 2 |  2.3
Evocations     | 1 2 |  2.0
Summonings     | 1 |  1.9
Hexes          | 1 |  1.7
Translocations | 1 2 |  2.1
Invocations    | 1 |  1.7
Shields        | 1 |  1.3
Spellcasting   | 4 |  4.0
Throwing       | |  0.9
Necromancy     | |  2.0
Fire Magic     | |  1.8
Poison Magic   | |  2.4

Action                   |  1- 3 |  4- 6 |  7- 9 || total
-------------------------+-------+-------+-------++-------
Melee: Club              |    20 |       |       ||    20
       Constrict         |    18 |    16 |    13 ||    47
       Tentacles         |     9 |    16 |    14 ||    39
       Short sword       |    42 |    38 |       ||    80
       War axe           |       |    45 |    58 ||   103
Throw: Stone             |       |       |     2 ||     2
 Cast: Call Imp          |       |       |     9 ||     9
       Blink             |       |       |     4 ||     4
Evoke: Wand              |     1 |     7 |     8 ||    16
  Use: Potion            |     1 |     1 |     1 ||     3
       Scroll            |       |    10 |     4 ||    14
 Stab: Sleeping          |     7 |    16 |     3 ||    26
  Eat: Chunk             |     1 |     4 |     7 ||    12
       Ration            |     1 |     2 |       ||     3
Armor: Skin              |     1 |     2 |     3 ||     6
Dodge: Dodged            |    42 |    33 |    74 ||   149
Block: Kite shield       |       |    17 |       ||    17
